[Event "Karel Janecek Open 2024"]
[Site "Prague"]
[Date "2024.03.07"]
[Round "9.11"]
[White "Svanda, Ondrej"]
[Black "Li, Di"]
[Result "1/2-1/2"]
[ECO "D78"]
[WhiteElo "2369"]
[BlackElo "2563"]
[Annotator "TA"]
[PlyCount "51"]
[EventDate "2024.02.22"]
[EventType "swiss"]
[EventCountry "CZE"]
[SourceTitle "playchess.com"]
[Source "ChessBase"]
[SourceQuality "1"]
[TimeControl "40/5400+30:1800+30"]

1. c4 Nf6 2. g3 c6 3. Nf3 d5 4. Bg2 g6 5. b3 Bg7 6. Bb2 O-O 7. O-O a5 8. d4 Bf5 9. Nbd2 Ne4 10. Ne1 {[%emt 0:05:48][%cal Bf3e1,Be1c2,Bc2a3,Ba3b5][%mdl 32] [#]} a4 $1 {[%emt 0:05:38] aiming for ...a3.} 11. Nxe4 dxe4 12. Nc2 {[%emt 0:14:35] The position is equal.} c5 13. e3 Qc8 14. Qc1 Nd7 15. Na3 h5 16. Nb5 Ra6 17. Rd1 h4 18. Qc2 hxg3 19. hxg3 Bg4 (19... cxd4 $11 20. Bxd4 Nc5) 20. Qxe4 $14 Bxd1 21. Rxd1 axb3 22. axb3 Ra2 23. Qb1 {[%emt 0:05:24][%mdl 1024] White has compensation. White is more active.} Ra6 24. Qe4 Ra2 25. Qb1 (25. Ba3 $5) 25... Ra6 26. Qe4 {[%emt 0:00:05][%csl LRb7,LRe7] Weighted Error Value: White=0.17 (very precise) /Black=0.08 (flawless) .  Mistake:       	---       	Black=1      Inaccurate:     	White=3     	---        OK:         	White=5     	Black=8      Best:        	---       	Black=1} 1/2-1/2

[Event "Karel Janecek Open 2024"]
[Site "Prague"]
[Date "2024.03.07"]
[Round "9.12"]
[White "Sadzikowski, Daniel"]
[Black "Shagbazyan, Taron"]
[Result "1-0"]
[ECO "E05"]
[WhiteElo "2497"]
[BlackElo "2403"]
[Annotator "TA"]
[PlyCount "81"]
[EventDate "2024.02.22"]
[EventType "swiss"]
[EventCountry "CZE"]
[SourceTitle "playchess.com"]
[Source "ChessBase"]
[SourceQuality "1"]
[TimeControl "40/5400+30:1800+30"]

1. Nf3 Nf6 2. g3 d5 3. Bg2 e6 4. O-O Be7 5. c4 O-O 6. d4 dxc4 7. Qc2 a6 8. a4 Bd7 9. Qxc4 Bc6 10. Bf4 Nbd7 11. Nc3 Bd6 12. Bxd6 cxd6 13. Qb4 Qb8 {[%emt 0:08:12] Die Stellung ist ausgeglichen.} 14. Rfe1 Bxf3 15. Bxf3 d5 16. e4 dxe4 17. Nxe4 Nxe4 18. Rxe4 a5 19. Qb5 Qd6 20. Rc1 (20. Qxb7 $2 {geht unter.} Rfb8 $19) 20... Nf6 21. Re3 Rfd8 22. Qxb7 {[%emt 0:04:51] Weiß steht deutlich aktiver.} Rab8 23. Qa7 Qxd4 24. Qxa5 {[%emt 0:03:46] [#] Und jetzt Rd1 wäre schön.} Qxb2 25. Qc3 Qb6 26. a5 Qd6 ({Günstiger ist} 26... Qa7) 27. Qc6 Qf8 $2 {[%emt 0:02:55] Verliert die Partie.} (27... Qxc6 $16 28. Bxc6 (28. Rxc6 Rb1+ 29. Kg2 g5 $16) 28... Rdc8) 28. a6 $18 Nd5 (28... Qe7 {kämpft weiter.} 29. Qc7 Qxc7 30. Rxc7 Rb1+ 31. Kg2 Ra1) 29. Bxd5 exd5 30. a7 Ra8 31. Qb7 d4 32. Rd3 Qe8 33. Rc7 {[%emt 0:03:09] Wehrt Rd7 ab. Rf3 wäre nun fies.} Qe2 {[%emt 0:06:51] [#]} 34. Rxd4 Qe8 35. Rxd8 Rxd8 {[%emt 0:00:13] KQR-KQR} 36. Re7 Qf8 37. Qe4 g6 38. Qb7 h5 39. h4 {[%emt 0:00:39] Weiß setzt Matt.} Kg7 40. Qb2+ Kh6 41. Qf6 {[%emt 0:08:29] Gewichteter Fehlerwert: Weiß=0.04 (makellos) /Schwarz=0.71.  Verlustzug:     	---       	Schwarz=1     Fehler:       	---       	Schwarz=2     Ungenau:       	---       	Schwarz=3     OK:         	Weiß=12    	Schwarz=8     Bester:       	Weiß=3     	---} 1-0

[Event "Karel Janecek Open 2024"]
[Site "Prague"]
[Date "2024.03.07"]
[Round "9.13"]
[White "Kraus, Tomas"]
[Black "Simek, Petr"]
[Result "1/2-1/2"]
[ECO "C50"]
[WhiteElo "2484"]
[BlackElo "2291"]
[Annotator "RC"]
[PlyCount "75"]
[EventDate "2024.02.22"]
[EventType "swiss"]
[EventCountry "CZE"]
[SourceTitle "playchess.com"]
[Source "ChessBase"]
[SourceQuality "1"]
[TimeControl "40/5400+30:1800+30"]

1. e4 e5 2. Nf3 Nc6 3. Bc4 Nf6 4. d3 Bc5 5. Bg5 h6 6. Bh4 Be7 7. Bg3 d6 8. a4 Na5 9. Ba2 c5 10. O-O Nc6 11. c3 O-O 12. Re1 Nh7 13. Nbd2 Ng5 14. h3 Be6 15. Bxe6 Nxe6 16. Nc4 Bg5 17. a5 Rc8 18. Qb3 Qd7 19. Nh2 Bf4 20. Nf1 Kh7 21. Nfe3 Bxe3 22. Nxe3 Ne7 23. Bh2 Rfd8 24. Rf1 f6 25. Nd5 Re8 26. Nxe7 Rxe7 27. f4 exf4 28. Bxf4 Nxf4 29. Rxf4 Re5 30. c4 Rce8 31. Raf1 R8e7 32. Qc3 Qc6 33. Kh2 Kg8 34. g4 b5 35. axb6 Qxb6 36. Ra1 Rb7 37. Rf2 Re8 38. Kg2 1/2-1/2

[Event "Karel Janecek Open 2024"]
[Site "Prague"]
[Date "2024.03.07"]
[Round "9.14"]
[White "Quintiliano, Renato R."]
[Black "Ivanov, Mike"]
[Result "1/2-1/2"]
[ECO "E04"]
[WhiteElo "2493"]
[BlackElo "2356"]
[Annotator "TA"]
[PlyCount "171"]
[EventDate "2024.02.22"]
[EventType "swiss"]
[EventCountry "CZE"]
[SourceTitle "playchess.com"]
[Source "ChessBase"]
[SourceQuality "1"]
[TimeControl "40/5400+30:1800+30"]

1. d4 Nf6 2. c4 Nc6 3. Nf3 e6 4. g3 d5 5. Bg2 dxc4 6. O-O Rb8 7. Nc3 b5 {[%emt 0:16:25] 7...b5 ist besser als 7...a6.} 8. Ne5 Nxe5 {[%emt 0:11:52] E04: Katalanisch.} 9. dxe5 Nd7 10. Qc2 Bb7 11. Bxb7 Rxb7 12. Rd1 Qc8 13. a4 b4 14. Ne4 Be7 $146 ({Predecessor:} 14... c3 15. Rb1 cxb2 16. Bh6 b3 17. Qc3 Bb4 18. Nd6+ Kf8 19. Qxb4 cxd6 20. Qxd6+ Kg8 {1-0 Bai,J (2585)-Bu,X (2677) Danzhou 14th rapid 2023 (3)}) 15. Bf4 O-O 16. Qxc4 c5 17. a5 Qc6 18. Nd6 Rbb8 19. b3 Rfd8 20. Ne4 Nf8 21. Bg5 Bxg5 22. Nxg5 Rd5 23. Rac1 h6 24. Ne4 Rxe5 25. Nxc5 Rc8 26. Nd3 Qxc4 27. Rxc4 Rxc4 28. Nxe5 Rc5 29. Nc4 Rc8 30. Rd4 f6 31. f4 Rb8 32. Rd6 Rc8 33. Kf2 Rc7 34. Rd8 Kf7 35. Rb8 Nd7 36. Rxb4 Nc5 37. Rb8 Ke7 38. Nd2 Nd7 (38... Kd6 $142 39. Kf3 Rb7 40. Ne4+ Ke7) 39. Rb4 (39. Rg8 $142 Kf7 40. Rh8) 39... f5 40. Nc4 Nf6 41. Kf3 g5 42. Rb8 Nd5 43. Rh8 g4+ 44. Kg2 $1 Nf6 45. Rxh6 Rb7 46. Rg6 ({Besser ist} 46. Rh8 $18) 46... Ne8 $16 47. Rh6 Nf6 $1 48. Rh8 (48. Rg6 Ne8 $16) 48... Rxb3 49. Ra8 Rb7 50. Ne5 $2 (50. a6 $1 $18 Rc7 51. Na3 (51. Ne5 Kd6 $14)) 50... Kd6 $11 51. Rd8+ Kc5 52. Rc8+ Kb5 53. Rc6 Re7 $1 54. Rc1 Re8 55. Rc7 a6 56. Rb7+ (56. Nf7 $5 Ne4 $8 57. Ng5 $14) 56... Kxa5 57. Nc6+ Ka4 58. Rb4+ Ka3 59. Rb6 Ra8 60. Na5 Nd5 (60... Ka4 $11 61. Rxe6 Kxa5 62. Rxf6 Kb4) 61. Rxe6 $14 Kb4 62. Re5 $1 Kxa5 {[%emt 0:00:28] [#]} 63. Rxd5+ ({Günstiger ist} 63. Rxf5 $1 $16 Rd8 64. e4) 63... Kb4 $11 64. Rxf5 a5 65. Rf7 a4 66. Rb7+ Kc3 67. Rb1 a3 68. h3 Re8 (68... gxh3+ 69. Kxh3 a2 70. Rc1+ (70. Ra1 Kb2 $15) 70... Kb2 71. Rg1 $17) (68... a2 $15 69. Ra1 Kb2 70. Rxa2+ Rxa2 71. hxg4 Kc3) 69. hxg4 $11 Rxe2+ $2 (69... a2 $11 70. Ra1 Kb2 71. Rxa2+ Kxa2) 70. Kf3 $18 Rb2 71. Ra1 Rb3 {[%emt 0:00:07] [#]} 72. Ke4 $2 (72. Kg2 $1 $18) 72... Kb2 $11 73. Rxa3 Kxa3 74. f5 Rxg3 75. Kf4 Rg1 76. f6 Kb4 77. Ke5 Re1+ 78. Kf5 (78. Kd6 $5 Rd1+ $8 79. Ke7 $11) 78... Rf1+ 79. Ke6 Re1+ 80. Kd6 Rd1+ $1 81. Ke7 Re1+ 82. Kf8 (82. Kd6 $5 Rd1+ $8 83. Ke6 Re1+ 84. Kd6 $11) 82... Rg1 83. f7 Rxg4 84. Ke7 Rf4 85. f8=Q Rxf8 86. Kxf8 1/2-1/2

[Event "Karel Janecek Open 2024"]
[Site "Prague"]
[Date "2024.03.07"]
[Round "9.15"]
[White "Csonka, Balasz"]
[Black "Kusa, Jakub"]
[Result "1/2-1/2"]
[ECO "D30"]
[WhiteElo "2480"]
[BlackElo "2350"]
[Annotator "TA"]
[PlyCount "25"]
[EventDate "2024.02.22"]
[EventType "swiss"]
[EventCountry "CZE"]
[SourceTitle "playchess.com"]
[Source "ChessBase"]
[SourceQuality "1"]
[TimeControl "40/5400+30:1800+30"]

1. d4 d5 2. c4 e6 3. Nf3 a6 4. Bg5 Be7 5. Bxe7 Qxe7 6. Nbd2 Nf6 7. g3 b6 8. Bg2 Bb7 9. O-O Nbd7 10. Rc1 {[%emt 0:00:39] und nun wäre cxd5 stark für Weiss.} c5 11. Ne5 Nxe5 12. dxe5 Nd7 13. f4 {[%emt 0:00:08] Gewichteter Fehlerwert: Weiß=0.02 (makellos) /Schwarz=0.05 (makellos) .  OK:         	Weiß=3     	Schwarz=5} 1/2-1/2

[Event "Karel Janecek Open 2024"]
[Site "Prague"]
[Date "2024.03.07"]
[Round "9.16"]
[White "Klepek, Witold"]
[Black "Muthaiah AL"]
[Result "0-1"]
[ECO "B12"]
[WhiteElo "2262"]
[BlackElo "2464"]
[Annotator "RC"]
[PlyCount "72"]
[EventDate "2024.02.22"]
[EventType "swiss"]
[EventCountry "CZE"]
[SourceTitle "playchess.com"]
[Source "ChessBase"]
[SourceQuality "1"]
[TimeControl "40/5400+30:1800+30"]

1. e4 c6 2. d4 d5 3. e5 c5 4. dxc5 e6 5. a3 Bxc5 6. Nf3 Ne7 7. Bd3 Ng6 8. O-O O-O 9. Re1 Qb6 10. Qe2 Nc6 11. b4 Nd4 12. Nxd4 Bxd4 13. Be3 Bd7 14. Nd2 Ba4 15. Qh5 Bxe3 16. Rxe3 Rac8 17. Ra2 Bb5 18. Bxb5 Qxb5 19. Qg4 d4 20. Re1 Qd5 21. Nb3 d3 22. Qd4 Qxd4 23. Nxd4 Rfd8 24. c3 Rxc3 25. Nb5 Rc2 26. Raa1 d2 27. Red1 Nxe5 28. Nxa7 Nc4 29. Kf1 Nb2 30. Ke2 Na4 31. Ke3 Nc3 32. a4 Nxd1+ 33. Rxd1 Rc1 34. Rxd2 Re1+ 35. Re2 Rxe2+ 36. Kxe2 Ra8 0-1

[Event "Karel Janecek Open 2024"]
[Site "Prague"]
[Date "2024.03.07"]
[Round "9.17"]
[White "Belenkaya, Dina"]
[Black "Sofronie, Iulian"]
[Result "0-1"]
[ECO "E90"]
[WhiteElo "2202"]
[BlackElo "2422"]
[Annotator "TA"]
[PlyCount "76"]
[EventDate "2024.02.22"]
[EventType "swiss"]
[EventCountry "CZE"]
[SourceTitle "playchess.com"]
[Source "ChessBase"]
[SourceQuality "1"]
[TimeControl "40/5400+30:1800+30"]

1. d4 Nf6 2. c4 g6 3. Nc3 Bg7 4. e4 d6 5. Nf3 O-O 6. Bd3 e5 7. d5 a5 8. O-O Na6 9. Bc2 h6 10. a3 Bd7 {[%emt 0:17:19] White is slightly better.} 11. Rb1 Nh5 12. Ne1 Nf4 13. Ne2 (13. Be3 $14) 13... Nxe2+ $11 14. Qxe2 a4 15. Nd3 f5 16. exf5 gxf5 17. Qd1 Qe8 18. Re1 Qg6 19. b4 axb3 20. Rxb3 b6 {[%emt 0:00:28] [#]} (20... Rab8 $11 {remains equal.}) 21. Nb4 ({Only move:} 21. Nxe5 $1 $16 dxe5 (21... Bxe5 $2 {perishes.} 22. Rxe5 Qf6 23. Re1 $18) 22. Rg3) 21... Nxb4 (21... Qf7 {simplifies} 22. Nxa6 Rxa6 23. Rf3 Qh5) 22. Rg3 Qf6 23. axb4 Ra1 24. Qd2 e4 {[%emt 0:10:33] And now ...f4 would win.} 25. Bd1 {[%emt 0:03:00] [#]} (25. Qf4 $1 $11) 25... f4 $1 $17 26. Rb3 {[%emt 0:05:40][%mdl 8192] [#] This costs White the game.} ({Wrong is} 26. Bb2 $2 Qxb2 27. Qxb2 fxg3 $19) (26. Rxg7+ $17 Qxg7 27. Kh1) 26... e3 $1 $19 {[%emt 0:00:38][%mdl 512] White is weak on the dark squares. Black is clearly winning.} 27. Qb2 (27. fxe3 fxe3) 27... exf2+ 28. Qxf2 Rxc1 29. Rd3 Rxc4 30. b5 Rd4 31. Bc2 Rxd3 32. Bxd3 Qd4 33. Qxd4 Bxd4+ 34. Kf1 Bf5 35. Bc4 Kf7 36. Be2 Kf6 37. Rc1 Ra8 38. Ke1 Ra1 {[%emt 0:00:08] Weighted Error Value: White=0.96/Black=0.57.  Loses game:     	White=1     	---        Mistake:       	White=3     	Black=1      Inaccurate:     	White=3     	Black=2      OK:         	White=4     	Black=5      Best:        	White=1     	Black=1      Strong:       	---       	Black=1} 0-1

[Event "Karel Janecek Open 2024"]
[Site "Prague"]
[Date "2024.03.07"]
[Round "9.18"]
[White "Yagiz, Bora"]
[Black "Botez, Alexandra"]
[Result "1-0"]
[ECO "C07"]
[WhiteElo "1878"]
[BlackElo "1977"]
[Annotator "NA RC"]
[PlyCount "157"]
[EventDate "2024.02.22"]
[EventType "swiss"]
[EventCountry "CZE"]
[SourceTitle "playchess.com"]
[Source "ChessBase"]
[SourceQuality "1"]
[TimeControl "40/5400+30:1800+30"]

1. e4 e6 2. d4 d5 3. Nd2 c5 4. Ngf3 cxd4 5. Nxd4 Nc6 6. Bb5 Bd7 7. Nxc6 Bxc6 8. Bxc6+ bxc6 9. O-O Nf6 10. e5 Nd7 11. Qe2 Bc5 12. Nb3 Bb6 13. a4 O-O 14. Be3 Qc7 15. Bxb6 axb6 16. Rfe1 c5 17. Nd2 f6 18. Nf3 Rae8 19. h3 fxe5 20. Nxe5 Nxe5 21. Qxe5 Qf7 22. Re2 Qd7 23. Rae1 Rf6 24. b3 h6 25. Rd1 Rf5 26. Qg3 Rg5 27. Qc3 Qf7 28. Qd3 Rf8 29. Rde1 e5 30. f3 Qe6 31. Kh2 Rf4 32. Rd2 Rd4 33. Qe2 Qd6 34. Kh1 Rh4 35. Qd3 d4 36. Re4 Rxe4 37. Qxe4 c4 38. f4 exf4 39. Rxd4 Qf8 40. Rxc4 Rf5 41. Qe6+ Kh7 42. Rc8 Qf6 43. Qxf6 Rxf6 44. b4 f3 45. gxf3 Rxf3 46. Kg2 Ra3 47. Rc6 Ra2 48. Kg3 Rxa4 49. c3 Ra3 50. Kf4 b5 51. h4 Ra1 52. h5 Rf1+ 53. Ke4 Re1+ 54. Kd3 Rg1 55. Rc5 Rg3+ 56. Ke4 Rh3 57. Kd4 Rh4+ 58. Kd3 Rh3+ 59. Kc2 Rh2+ 60. Kb3 g5 61. hxg6+ Kxg6 62. Rxb5 h5 63. Rb8 h4 64. b5 Rh1 65. Kc4 Kg7 66. Rd8 h3 67. Rd3 h2 68. Rh3 Kf7 69. Kc5 Rc1 70. Rxh2 Rxc3+ 71. Kd6 Rd3+ 72. Kc7 Rc3+ 73. Kb7 Ke7 74. Rd2 Rc5 75. b6 Rc1 76. Kb8 Rc3 77. b7 Rc1 78. Ra2 Kd7 79. Ka8 1-0

[Event "Karel Janecek Open 2024"]
[Site "Prague"]
[Date "2024.03.07"]
[Round "9.19"]
[White "Botez, Andrea"]
[Black "Kaewpitakkun, Pantham"]
[Result "0-1"]
[ECO "D00"]
[WhiteElo "1709"]
[BlackElo "1989"]
[Annotator "RC"]
[PlyCount "84"]
[EventDate "2024.02.22"]
[EventType "swiss"]
[EventCountry "CZE"]
[SourceTitle "playchess.com"]
[Source "ChessBase"]
[SourceQuality "1"]
[TimeControl "40/5400+30:1800+30"]

1. d4 Nf6 2. Nc3 d5 3. Bf4 g6 4. e3 Bg7 5. h4 O-O 6. h5 c5 7. hxg6 fxg6 8. dxc5 Qa5 9. Bh6 Bxh6 10. Rxh6 Qxc5 11. Nf3 Nc6 12. Qd2 Rd8 13. O-O-O Bg4 14. Rh4 Rac8 15. Na4 Qd6 16. Nc3 Qc7 17. Nb5 Qb6 18. Bd3 a6 19. Nbd4 e5 20. Nxc6 bxc6 21. Nxe5 Bxd1 22. Qxd1 Rb8 23. b3 Qc7 24. f4 c5 25. c4 d4 26. e4 a5 27. a4 Re8 28. Bc2 Rxe5 29. fxe5 Qxe5 30. Kb1 Qe7 31. Rf4 Nd7 32. g4 Ne5 33. Ka2 d3 34. Bb1 Rd8 35. Qd2 Nc6 36. g5 Nb4+ 37. Kb2 Qe5+ 38. Kc1 Qa1 39. Rf2 Qd4 40. Qf4 Qc3+ 41. Bc2 Na2+ 42. Kb1 dxc2+ 0-1